Nordiques vs Red Wings
(R1)
Created - 5 février 2017 at 23:32
Goals
|
Nordiques |
2 |
0 |
0 |
2 |
Red Wings |
2 |
1 |
2 |
5 |
|
Shots
|
Nordiques |
13 |
6 |
11 |
30 |
Red Wings |
12 |
12 |
8 |
32 |
|
1st period
1. Nordiques , Pascal Dupuis 7 (Rich Peverley, Fedor Tyutin) at 8:18
2. Red Wings , Rick Nash 31 (Phil Kessel, Nate Thompson) at 9:52
3. Red Wings , Rick Nash 32 (Mike Richards, Phil Kessel) at 13:32 (PP)
4. Nordiques , Rich Peverley 9 (Paul Gaustad, R.J. Umberger) at 16:53 (SH)
Penalties :
T.J. Fast (Que) for Hooking (Minor) at 3:33, Fedor Tyutin (Que) for Slashing (Minor) at 13:15, Matt Moulson (Que) for Boarding (Minor) at 15:57
2nd period
5. Red Wings , Filip Kuba 3 (Phil Kessel, Stephane Robidas) at 4:15
Penalties :
Rich Peverley (Que) for High sticking (Minor) at 5:33, Alex Picard (Det) for Roughing (Minor) at 9:23, Nikita Kucherov (Que) for Hooking (Minor) at 17:35
3rd period
6. Red Wings , Mike Richards 23 (Sean Bergenheim, Phil Kessel) at 5:45
7. Red Wings , Adam Henrique 6 (Tomas Plekanec) at 6:52
Penalties :
Tim Ramholt (Det) for Charging (Minor) at 2:44, Shea Weber (Det) for Cross-checking (Minor) at 8:09, Sean Bergenheim (Det) for Interference (Minor) at 19:39
Goalie Stats
Martin Brodeur (Que), 27 saves from 32 shots - (0,844), L, 16-9-5, 60:00 minutes
Michal Neuvirth (Det), 28 saves from 30 shots - (0,933), W, 18-13-6, 60:00 minutes
Players Stats for Nordiques
Player Name G A P +/- PIM S H SB GA TA FO MP PP MP PK MP
------------------------------------------------------------------------------------
Chris Drury 0 0 0 -2 0 4 1 1 1 0 16/25 19:28 3:44 1:08
Dmitry Kulikov 0 0 0 -2 0 0 3 2 0 0 0/0 21:06 2:32 3:35
Dustin Byfuglien 0 0 0 1 0 2 3 0 1 0 0/0 27:04 3:45 3:32
Fedor Tyutin 0 1 1 0 2 3 4 1 0 0 0/0 23:35 3:45 0:46
Jean-Pierre Dumont 0 0 0 -2 0 2 0 1 0 1 3/4 17:06 2:33 0:00
Kyle Calder 0 0 0 -2 0 1 4 2 1 0 1/1 16:55 2:33 1:33
Mark Eaton 0 0 0 0 0 0 1 3 0 1 0/0 16:04 0:00 4:38
Matt Moulson 0 0 0 0 2 2 2 0 0 1 0/1 10:30 0:00 0:21
Michael Ryder 0 0 0 0 0 0 1 0 0 0 0/0 10:07 0:00 0:00
Nikita Kucherov 0 0 0 -2 2 0 1 0 0 0 0/1 16:41 3:44 0:00
Nikolai Kulemin 0 0 0 1 0 0 1 0 0 0 0/0 7:43 0:00 0:00
Pascal Dupuis 1 0 1 1 0 1 0 1 0 0 3/7 12:22 0:00 4:35
Paul Gaustad 0 1 1 1 0 1 2 1 1 0 3/3 12:32 0:00 2:14
R.J. Umberger 0 1 1 -2 0 1 0 0 0 0 2/3 22:59 3:44 4:35
Rich Peverley 1 1 2 2 2 6 0 0 0 0 1/1 9:54 0:00 2:00
Ryan Ellis 0 0 0 -3 0 4 1 0 0 0 0/0 16:55 2:32 0:01
T.J. Fast 0 0 0 0 2 2 1 2 0 0 0/0 15:19 0:00 3:54
Vaclav Prospal 0 0 0 -2 0 1 2 0 0 0 7/10 15:22 2:33 0:00
Players Stats for Red Wings
Player Name G A P +/- PIM S H SB GA TA FO MP PP MP PK MP
------------------------------------------------------------------------------------
Adam Henrique 1 0 1 1 0 2 2 0 1 0 0/1 12:19 3:41 0:00
Ales Hemsky 0 0 0 1 0 0 1 0 0 0 0/0 9:13 0:30 0:00
Alex Picard 0 0 0 0 2 1 3 0 1 0 0/0 10:03 0:20 0:04
Chris Campoli 0 0 0 0 0 0 2 2 0 0 0/0 11:58 0:00 0:12
Filip Kuba 1 0 1 1 0 2 0 0 0 1 0/0 21:11 3:24 3:12
Mike Brown 0 0 0 0 0 0 1 0 0 0 0/0 9:34 0:20 0:04
Mike Richards 1 1 2 2 0 4 2 0 0 0 10/30 19:44 4:00 0:00
Nate Thompson 0 1 1 0 0 1 2 0 0 0 2/2 9:07 0:00 0:00
Ole-Kristian Tollefsen 0 0 0 1 0 1 2 4 0 1 0/0 26:38 4:49 3:05
Phil Kessel 0 4 4 2 0 6 2 1 0 0 0/0 19:46 4:02 0:00
Rick Nash 2 0 2 1 0 5 2 0 1 0 0/0 22:56 4:02 3:02
Sean Bergenheim 0 1 1 0 2 0 1 0 0 0 0/1 15:16 3:41 0:00
Shea Weber 0 0 0 1 2 2 1 1 0 1 0/0 25:17 4:49 2:18
Stephane Robidas 0 1 1 1 0 0 1 0 0 1 0/0 21:26 3:24 1:27
Steve Downie 0 0 0 -1 0 4 3 0 0 0 1/3 14:49 0:22 3:11
Tim Ramholt 0 0 0 0 2 1 1 1 0 0 0/0 13:52 0:00 2:20
Tomas Plekanec 0 1 1 1 0 1 1 0 0 0 2/6 12:06 0:00 3:02
Tyler Johnson 0 0 0 -1 0 2 1 2 0 0 5/13 18:24 3:41 3:11
3 Stars
1 - Phil Kessel (Det)
2 - Rick Nash (Det)
3 - Mike Richards (Det)
Power Play
Nordiques - 0 on 4 Attempt(s) - 0,00%
Red Wings - 1 on 5 Attempt(s) - 20,00%
Penalty Kill
Nordiques - 4 on 5 Attempt(s) - 80,00%
- Score 1 goal in Penalty Kill
Red Wings - 4 on 4 Attempt(s) - 100,00%
- Score 0 goal in Penalty Kill
Team Stat
Nordiques - Hits : 27 - Faceoff Wins : 36 - Blocked Shots : 14 - Penalty Minutes : 10
Red Wings - Hits : 28 - Faceoff Wins : 20 - Blocked Shots : 11 - Penalty Minutes : 8
Official
Referees : Leggo Mike and StLaurent Francois
Linesman : Vaughan Rody and Andy McElman
Game Notes
No Game Note
Finance
Level 1 -- Attendance: 6000 (100,00%) -- Ticket Income 450 000 $
Level 2 -- Attendance: 4401 (88,02%) -- Ticket Income 211 248 $
Level 3 -- Attendance: 1749 (87,45%) -- Ticket Income 48 972 $
Level 4 -- Attendance: 3478 (86,95%) -- Ticket Income 69 560 $
Luxury Box -- Attendance: 947 (94,70%) -- Ticket Income 146 785 $
Game was played at the Joe Louis Arena.
Total Attendance: 16575 (92,08%)
Total Ticket Income: 926 565 $
Other Income: 138 985 $
Total Income: 1 065 550 $
Nordiques
5 vs 5 Forward
Center Left Wing Right Wing Time % Phy DF OF
1 Chris Drury R.J. Umberger Jean-Pierre Dumont 40 0 0 5
2 Vaclav Prospal Kyle Calder Nikita Kucherov 30 0 0 5
3 Paul Gaustad Matt Moulson Michael Ryder 20 0 0 5
4 Rich Peverley Nikolai Kulemin Pascal Dupuis 10 0 0 5
5 vs 5 Defense
Defense Defense Time % Phy DF OF
1 Fedor Tyutin Dustin Byfuglien 40 1 1 3
2 Ryan Ellis Dmitry Kulikov 30 1 1 3
3 T.J. Fast Mark Eaton 20 1 3 1
4 Fedor Tyutin Dustin Byfuglien 10 1 1 3
PowerPlay Forward
Center Left Wing Right Wing Time % Phy DF OF
1 Chris Drury R.J. Umberger Nikita Kucherov 60 0 0 5
2 Vaclav Prospal Kyle Calder Jean-Pierre Dumont 40 0 0 5
PowerPlay Defense
Defense Defense Time % Phy DF OF
1 Fedor Tyutin Dustin Byfuglien 60 1 0 4
2 Ryan Ellis Dmitry Kulikov 40 1 0 4
Penalty Kill 4 Players Forward
Center Wing Time % Phy DF OF
1 Pascal Dupuis R.J. Umberger 60 1 3 1
2 Paul Gaustad Rich Peverley 40 1 3 1
Penalty Kill 4 Players Defense
Defense Defense Time % Phy DF OF
1 T.J. Fast Mark Eaton 60 2 3 0
2 Dustin Byfuglien Dmitry Kulikov 40 2 3 0
Penalty Kill - 3 Players Forward
Forward Time % Phy DF OF
1 Pascal Dupuis 60 1 4 0
2 Paul Gaustad 40 2 3 0
Penalty Kill - 3 Players Defense
Defense Defense Time % Phy DF OF
1 T.J. Fast Mark Eaton 60 1 4 0
2 Dustin Byfuglien Dmitry Kulikov 40 1 4 0
4 vs 4 Forward
Center Wing Time % Phy DF OF
1 Chris Drury Jean-Pierre Dumont 60 1 1 3
2 Vaclav Prospal Nikita Kucherov 40 1 1 3
4 vs 4 Defense
Defense Defense Time % Phy DF OF
1 Mark Eaton Dmitry Kulikov 60 1 3 1
2 Ryan Ellis Dustin Byfuglien 40 1 3 1
Last Minutes Offensive
Center Left Wing Right Wing Defense Defense
Chris Drury R.J. Umberger Nikita Kucherov Dustin Byfuglien Dmitry Kulikov
Last Minutes Defensive
Center Left Wing Right Wing Defense Defense
Pascal Dupuis Paul Gaustad Vaclav Prospal T.J. Fast Mark Eaton
Goaltenders
Starting : Martin Brodeur
Backup : Julien Ellis
Extra Forwards
Normal : Chris Drury, Nikita Kucherov, R.J. Umberger - PP : Chris Drury, Jean-Pierre Dumont - PK : Rich Peverley
Extra Defensemen
Normal : Fedor Tyutin, Ryan Ellis, Dustin Byfuglien - PP : Fedor Tyutin - PK : Dmitry Kulikov, T.J. Fast
Penalty Shots
R.J. Umberger, Chris Drury, Vaclav Prospal, Jean-Pierre Dumont, Kyle Calder
Red Wings
5 vs 5 Forward
Center Left Wing Right Wing Time % Phy DF OF
1 Mike Richards Rick Nash Phil Kessel 40 0 2 3
2 Tyler Johnson Sean Bergenheim Steve Downie 30 0 3 2
3 Tomas Plekanec Adam Henrique Ales Hemsky 20 1 2 2
4 Nate Thompson Alex Picard Mike Brown 10 1 2 2
5 vs 5 Defense
Defense Defense Time % Phy DF OF
1 Shea Weber Ole-Kristian Tollefsen 40 0 3 2
2 Stephane Robidas Filip Kuba 35 1 3 1
3 Chris Campoli Tim Ramholt 15 1 3 1
4 Chris Campoli Tim Ramholt 10 1 3 1
PowerPlay Forward
Center Left Wing Right Wing Time % Phy DF OF
1 Mike Richards Rick Nash Phil Kessel 60 0 1 4
2 Tyler Johnson Adam Henrique Sean Bergenheim 40 0 1 4
PowerPlay Defense
Defense Defense Time % Phy DF OF
1 Shea Weber Ole-Kristian Tollefsen 60 0 2 3
2 Filip Kuba Stephane Robidas 40 0 2 3
Penalty Kill 4 Players Forward
Center Wing Time % Phy DF OF
1 Tyler Johnson Steve Downie 50 1 2 2
2 Tomas Plekanec Rick Nash 50 1 2 2
Penalty Kill 4 Players Defense
Defense Defense Time % Phy DF OF
1 Tim Ramholt Ole-Kristian Tollefsen 50 1 2 2
2 Shea Weber Filip Kuba 50 1 2 2
Penalty Kill - 3 Players Forward
Forward Time % Phy DF OF
1 Tyler Johnson 60 1 2 2
2 Steve Downie 40 1 2 2
Penalty Kill - 3 Players Defense
Defense Defense Time % Phy DF OF
1 Tim Ramholt Ole-Kristian Tollefsen 50 1 2 2
2 Shea Weber Filip Kuba 50 1 2 2
4 vs 4 Forward
Center Wing Time % Phy DF OF
1 Mike Richards Rick Nash 60 1 2 2
2 Tyler Johnson Sean Bergenheim 40 1 2 2
4 vs 4 Defense
Defense Defense Time % Phy DF OF
1 Shea Weber Ole-Kristian Tollefsen 60 1 2 2
2 Stephane Robidas Filip Kuba 40 1 2 2
Last Minutes Offensive
Center Left Wing Right Wing Defense Defense
Mike Richards Rick Nash Phil Kessel Shea Weber Ole-Kristian Tollefsen
Last Minutes Defensive
Center Left Wing Right Wing Defense Defense
Tyler Johnson Rick Nash Steve Downie Shea Weber Ole-Kristian Tollefsen
Goaltenders
Starting : Michal Neuvirth
Backup : Mike McKenna
Extra Forwards
Normal : Rick Nash, Sean Bergenheim, Adam Henrique - PP : Steve Downie, Ales Hemsky - PK : Mike Brown
Extra Defensemen
Normal : Shea Weber, Ole-Kristian Tollefsen, Chris Campoli - PP : Chris Campoli - PK : Ole-Kristian Tollefsen, Stephane Robidas
Penalty Shots
Rick Nash, Mike Richards, Steve Downie, Shea Weber, Phil Kessel
% Time on Ice - Nordiques
Lines # - Real PCT - Wanted PCT - Time Play
Normal Forward
1 - 32% - 40% - 14:40
2 - 29% - 30% - 13:00
3 - 22% - 20% - 10:07
4 - 17% - 10% - 7:43
Normal Defense
1 - 40% - 40% - 18:09
2 - 33% - 30% - 14:59
3 - 25% - 20% - 11:21
4 - 2% - 10% - 1:01
PP Forward
1 - 59% - 60% - 3:44
2 - 41% - 40% - 2:33
PP Defense
1 - 60% - 60% - 3:45
2 - 40% - 40% - 2:32
PK Forward
1 - 71% - 60% - 5:51
2 - 29% - 40% - 2:22
PK Defense
1 - 64% - 60% - 5:15
2 - 36% - 40% - 2:58
PK3 Forward
1 - 0% - 60%
2 - 0% - 40%
PK3 Defense
1 - 0% - 60%
2 - 0% - 40%
44 Forward
1 - 0% - 60%
2 - 0% - 40%
44 Defense
1 - 0% - 60%
2 - 0% - 40%
Last Minute Offensive - 0:00
Last Minute Defensive - 0:00
Total
Forward - 60:00
Defense - 60:00
|
% Time on Ice - Red Wings
Lines # - Real PCT - Wanted PCT - Time Play
Normal Forward
1 - 35% - 40% - 15:53
2 - 26% - 30% - 11:47
3 - 19% - 20% - 8:43
4 - 20% - 10% - 9:07
Normal Defense
1 - 42% - 40% - 18:59
2 - 32% - 35% - 14:45
3 - 17% - 15% - 7:40
4 - 9% - 10% - 4:06
PP Forward
1 - 55% - 60% - 4:32
2 - 45% - 40% - 3:41
PP Defense
1 - 59% - 60% - 4:49
2 - 41% - 40% - 3:24
PK Forward
1 - 51% - 50% - 3:11
2 - 49% - 50% - 3:06
PK Defense
1 - 49% - 50% - 3:05
2 - 51% - 50% - 3:12
PK3 Forward
1 - 0% - 60%
2 - 0% - 40%
PK3 Defense
1 - 0% - 50%
2 - 0% - 50%
44 Forward
1 - 0% - 60%
2 - 0% - 40%
44 Defense
1 - 0% - 60%
2 - 0% - 40%
Last Minute Offensive - 0:00
Last Minute Defensive - 0:00
Total
Forward - 60:00
Defense - 60:00
|
Play by Play
1st period
0:01 of 1st period - Mike Richards wins face-off versus Chris Drury in neutral zone.
0:06 of 1st period - Snap shot by Phil Kessel.
0:06 of 1st period - Stopped by Martin Brodeur with a rebound.
0:08 of 1st period - Slapshot by Ole-Kristian Tollefsen.
0:08 of 1st period - Shot Misses the Net.
0:10 of 1st period - Slapshot by Ole-Kristian Tollefsen.
0:10 of 1st period - Shot Blocked by Chris Drury.
0:12 of 1st period - Slapshot by Ole-Kristian Tollefsen.
0:12 of 1st period - Stopped by Martin Brodeur with a rebound.
0:46 of 1st period - Tomas Plekanec is hit by Michael Ryder and loses puck.
1:29 of 1st period - Rick Nash is hit by Ryan Ellis and loses puck.
1:38 of 1st period - Snap shot by Mike Richards.
1:38 of 1st period - Stopped by Martin Brodeur with a rebound.
1:40 of 1st period - Slapshot by Chris Campoli.
1:40 of 1st period - Shot Blocked by Dmitry Kulikov.
1:50 of 1st period - Ryan Ellis is hit by Sean Bergenheim.
2:13 of 1st period - Icing by Ole-Kristian Tollefsen.
2:14 of 1st period - Tomas Plekanec wins face-off versus Vaclav Prospal in Red Wings zone.
2:25 of 1st period - Slapshot by Adam Henrique.
2:25 of 1st period - Stopped by Martin Brodeur without a rebound.
2:26 of 1st period - Paul Gaustad wins face-off versus Mike Richards in Nordiques zone.
2:26 of 1st period - Paul Gaustad is hit by Chris Campoli.
3:16 of 1st period - Wrist shot by Rick Nash.
3:16 of 1st period - Shot Blocked by Mark Eaton.
3:18 of 1st period - Slapshot by Tim Ramholt.
3:18 of 1st period - Shot Misses the Net.
3:20 of 1st period - Snap shot by Phil Kessel.
3:20 of 1st period - Shot Misses the Net.
3:28 of 1st period - Slapshot by Rick Nash.
3:28 of 1st period - Shot Misses the Net.
3:33 of 1st period - Minor Penalty to T.J. Fast for Hooking.
3:34 of 1st period - Pascal Dupuis wins face-off versus Sean Bergenheim in Nordiques zone.
4:36 of 1st period - Filip Kuba is hit by Dustin Byfuglien and loses puck.
5:33 of 1st period - Penalty to T.J. Fast is over, T.J. Fast is back on ice.
5:37 of 1st period - Snap shot by Rich Peverley.
5:37 of 1st period - Deflect By T.J. Fast.
5:37 of 1st period - Shot Misses the Net.
5:37 of 1st period - Puck is out of play.
5:38 of 1st period - Nate Thompson wins face-off versus Vaclav Prospal in Red Wings zone.
5:38 of 1st period - Nate Thompson is hit by Nikita Kucherov.
5:46 of 1st period - Tim Ramholt is hit by Vaclav Prospal and loses puck.
6:03 of 1st period - Mark Eaton is hit by Tim Ramholt and loses puck.
6:20 of 1st period - Shea Weber is hit by Paul Gaustad and loses puck.
6:42 of 1st period - Wrist shot by Phil Kessel.
6:42 of 1st period - Shot Blocked by Pascal Dupuis.
6:50 of 1st period - Wrist shot by Rich Peverley.
6:50 of 1st period - Stopped by Michal Neuvirth with a rebound.
6:56 of 1st period - Snap shot by Phil Kessel.
6:56 of 1st period - Shot Blocked by Kyle Calder.
7:27 of 1st period - R.J. Umberger is hit by Stephane Robidas and loses puck.
7:42 of 1st period - Snap shot by Rich Peverley.
7:42 of 1st period - Stopped by Michal Neuvirth with a rebound.
7:44 of 1st period - Snap shot by Nikolai Kulemin.
7:44 of 1st period - Shot Misses the Net.
7:46 of 1st period - Slapshot by Fedor Tyutin.
7:46 of 1st period - Stopped by Michal Neuvirth without a rebound.
7:47 of 1st period - Rich Peverley wins face-off versus Tyler Johnson in Red Wings zone.
8:00 of 1st period - Snap shot by Rich Peverley.
8:00 of 1st period - Stopped by Michal Neuvirth with a rebound.
8:02 of 1st period - Slapshot by Fedor Tyutin.
8:02 of 1st period - Stopped by Michal Neuvirth with a rebound.
8:04 of 1st period - Slapshot by Dustin Byfuglien.
8:04 of 1st period - Shot Blocked by Chris Campoli.
8:06 of 1st period - Slapshot by Fedor Tyutin.
8:06 of 1st period - Shot Blocked by Tim Ramholt.
8:18 of 1st period - Slapshot by Pascal Dupuis.
8:18 of 1st period - Goal by Pascal Dupuis - Nordiques : 1 - Red Wings : 0.
8:19 of 1st period - Chris Drury wins face-off versus Mike Richards in neutral zone.
9:50 of 1st period - Snap shot by Phil Kessel.
9:50 of 1st period - Stopped by Martin Brodeur with a rebound.
9:52 of 1st period - Wrist shot by Rick Nash.
9:52 of 1st period - Goal by Rick Nash - Nordiques : 1 - Red Wings : 1.
9:53 of 1st period - R.J. Umberger wins face-off versus Mike Richards in neutral zone.
9:56 of 1st period - Slapshot by Dmitry Kulikov.
9:56 of 1st period - Shot Misses the Net.
10:04 of 1st period - Ryan Ellis is hit by Rick Nash and loses puck.
10:40 of 1st period - Snap shot by Kyle Calder.
10:40 of 1st period - Shot Blocked by Ole-Kristian Tollefsen.
10:42 of 1st period - Wrist shot by Matt Moulson.
10:42 of 1st period - Stopped by Michal Neuvirth with a rebound.
10:44 of 1st period - Slapshot by Paul Gaustad.
10:44 of 1st period - Stopped by Michal Neuvirth with a rebound.
10:48 of 1st period - Snap shot by Paul Gaustad.
10:48 of 1st period - Shot Misses the Net.
10:50 of 1st period - Snap shot by Fedor Tyutin.
10:50 of 1st period - Shot Misses the Net.
11:00 of 1st period - Nikolai Kulemin is hit by Ole-Kristian Tollefsen and loses puck.
11:42 of 1st period - Snap shot by Vaclav Prospal.
11:42 of 1st period - Deflect By Kyle Calder.
11:42 of 1st period - Shot Blocked by Chris Campoli.
11:42 of 1st period - Puck is out of play.
11:43 of 1st period - Vaclav Prospal wins face-off versus Tyler Johnson in Red Wings zone.
11:48 of 1st period - Snap shot by Vaclav Prospal.
11:48 of 1st period - Shot Misses the Net.
11:50 of 1st period - Slapshot by Ryan Ellis.
11:50 of 1st period - Stopped by Michal Neuvirth with a rebound.
11:52 of 1st period - Slapshot by Ryan Ellis.
11:52 of 1st period - Stopped by Michal Neuvirth without a rebound.
11:53 of 1st period - Chris Drury wins face-off versus Mike Richards in Red Wings zone.
12:02 of 1st period - Wrist shot by Jean-Pierre Dumont.
12:02 of 1st period - Stopped by Michal Neuvirth without a rebound.
12:03 of 1st period - Mike Richards wins face-off versus Jean-Pierre Dumont in Red Wings zone.
12:03 of 1st period - Mike Richards is hit by Chris Drury.
12:06 of 1st period - Icing by Rick Nash.
12:07 of 1st period - Chris Drury wins face-off versus Mike Richards in Red Wings zone.
12:58 of 1st period - Slapshot by Steve Downie.
12:58 of 1st period - Stopped by Martin Brodeur without a rebound.
12:59 of 1st period - Tyler Johnson wins face-off versus Chris Drury in Nordiques zone.
13:12 of 1st period - Wrist shot by Steve Downie.
13:12 of 1st period - Stopped by Martin Brodeur without a rebound.
13:13 of 1st period - Vaclav Prospal wins face-off versus Tyler Johnson in Nordiques zone.
13:15 of 1st period - Minor Penalty to Fedor Tyutin for Slashing.
13:16 of 1st period - Mike Richards wins face-off versus Pascal Dupuis in Nordiques zone.
13:30 of 1st period - Wrist shot by Mike Richards.
13:30 of 1st period - Shot Misses the Net.
13:32 of 1st period - Wrist shot by Rick Nash.
13:32 of 1st period - Goal by Rick Nash - Nordiques : 1 - Red Wings : 2.
13:33 of 1st period - Chris Drury wins face-off versus Mike Richards in neutral zone.
13:46 of 1st period - Wrist shot by Mike Richards.
13:46 of 1st period - Stopped by Martin Brodeur with a rebound.
13:48 of 1st period - Snap shot by Mike Richards.
13:48 of 1st period - Shot Misses the Net.
13:50 of 1st period - Snap shot by Phil Kessel.
13:50 of 1st period - Shot Hit the Post.
15:33 of 1st period - Slapshot by Nikita Kucherov.
15:33 of 1st period - Shot Blocked by Shea Weber.
15:41 of 1st period - Steve Downie is hit by Kyle Calder and loses puck.
15:57 of 1st period - Minor Penalty to Matt Moulson for Boarding.
15:58 of 1st period - Mike Richards wins face-off versus Pascal Dupuis in Nordiques zone.
16:33 of 1st period - Wrist shot by Sean Bergenheim.
16:33 of 1st period - Shot Blocked by Dmitry Kulikov.
16:53 of 1st period - Wrist shot by Rich Peverley.
16:53 of 1st period - Goal by Rich Peverley - Nordiques : 2 - Red Wings : 2.
16:54 of 1st period - Pascal Dupuis wins face-off versus Mike Richards in neutral zone.
16:57 of 1st period - Slapshot by T.J. Fast.
16:57 of 1st period - Stopped by Michal Neuvirth without a rebound.
16:58 of 1st period - Mike Richards wins face-off versus Pascal Dupuis in Red Wings zone.
17:09 of 1st period - Slapshot by Rick Nash.
17:09 of 1st period - Shot Misses the Net.
17:57 of 1st period - Penalty to Matt Moulson is over, Matt Moulson is back on ice.
18:05 of 1st period - Dustin Byfuglien is hit by Nate Thompson and loses puck.
18:10 of 1st period - Snap shot by Nate Thompson.
18:10 of 1st period - Shot Misses the Net.
18:12 of 1st period - Wrist shot by Tim Ramholt.
18:12 of 1st period - Stopped by Martin Brodeur without a rebound.
18:13 of 1st period - Vaclav Prospal wins face-off versus Mike Richards in Nordiques zone.
18:19 of 1st period - Off-side.
18:20 of 1st period - Mike Richards wins face-off versus Vaclav Prospal in neutral zone.
19:09 of 1st period - Mark Eaton is hit by Ales Hemsky and loses puck.
19:32 of 1st period - Mark Eaton is hit by Alex Picard and loses puck.
19:39 of 1st period - Mike Brown is hit by Kyle Calder and loses puck.
19:50 of 1st period - R.J. Umberger is hit by Phil Kessel and loses puck.
19:55 of 1st period - Slapshot by Rick Nash.
19:55 of 1st period - Stopped by Martin Brodeur without a rebound.
19:56 of 1st period - Chris Drury wins face-off versus Mike Richards in Nordiques zone.
Goals for this period are 2 for Nordiques vs 2 for Red Wings.
Shots for this period are 13 for Nordiques vs 12 for Red Wings.
2nd period
0:01 of 2nd period - Mike Richards wins face-off versus Chris Drury in neutral zone.
1:09 of 2nd period - Slapshot by Jean-Pierre Dumont.
1:09 of 2nd period - Shot Misses the Net.
1:11 of 2nd period - Wrist shot by R.J. Umberger.
1:11 of 2nd period - Stopped by Michal Neuvirth without a rebound.
1:12 of 2nd period - Vaclav Prospal wins face-off versus Tyler Johnson in Red Wings zone.
1:23 of 2nd period - Wrist shot by Tyler Johnson.
1:23 of 2nd period - Stopped by Martin Brodeur with a rebound.
1:25 of 2nd period - Backhand shot by Stephane Robidas.
1:25 of 2nd period - Shot Blocked by Kyle Calder.
1:27 of 2nd period - Slapshot by Filip Kuba.
1:27 of 2nd period - Stopped by Martin Brodeur with a rebound.
1:37 of 2nd period - Filip Kuba is hit by Dmitry Kulikov and loses puck.
1:43 of 2nd period - Off-side.
1:44 of 2nd period - Paul Gaustad wins face-off versus Steve Downie in neutral zone.
2:09 of 2nd period - Adam Henrique is hit by Kyle Calder and loses puck.
3:57 of 2nd period - Michael Ryder is hit by Rick Nash.
4:01 of 2nd period - Slapshot by Dustin Byfuglien.
4:01 of 2nd period - Stopped by Michal Neuvirth without a rebound.
4:02 of 2nd period - R.J. Umberger wins face-off versus Mike Richards in Red Wings zone.
4:13 of 2nd period - Wrist shot by Phil Kessel.
4:13 of 2nd period - Stopped by Martin Brodeur with a rebound.
4:15 of 2nd period - Slapshot by Filip Kuba.
4:15 of 2nd period - Deflect By Ryan Ellis.
4:15 of 2nd period - Goal by Filip Kuba - Nordiques : 2 - Red Wings : 3.
4:16 of 2nd period - Mike Richards wins face-off versus Chris Drury in neutral zone.
4:25 of 2nd period - Wrist shot by Mike Richards.
4:25 of 2nd period - Stopped by Martin Brodeur with a rebound.
4:27 of 2nd period - Snap shot by Shea Weber.
4:27 of 2nd period - Stopped by Martin Brodeur with a rebound.
4:29 of 2nd period - Wrist shot by Rick Nash.
4:29 of 2nd period - Stopped by Martin Brodeur with a rebound.
4:43 of 2nd period - Dustin Byfuglien is hit by Adam Henrique and loses puck.
5:31 of 2nd period - Slapshot by Nate Thompson.
5:31 of 2nd period - Stopped by Martin Brodeur with a rebound.
5:33 of 2nd period - Minor Penalty to Rich Peverley for High sticking.
5:34 of 2nd period - Mike Richards wins face-off versus Pascal Dupuis in Nordiques zone.
7:13 of 2nd period - Shea Weber is hit by Paul Gaustad and loses puck.
7:33 of 2nd period - Penalty to Rich Peverley is over, Rich Peverley is back on ice.
7:48 of 2nd period - Wrist shot by Alex Picard.
7:48 of 2nd period - Stopped by Martin Brodeur with a rebound.
7:54 of 2nd period - Chris Campoli is hit by Fedor Tyutin and loses puck.
8:05 of 2nd period - Snap shot by Tomas Plekanec.
8:05 of 2nd period - Stopped by Martin Brodeur without a rebound.
8:06 of 2nd period - Chris Drury wins face-off versus Tomas Plekanec in Nordiques zone.
8:38 of 2nd period - Slapshot by Ryan Ellis.
8:38 of 2nd period - Shot Misses the Net.
9:02 of 2nd period - Slapshot by Ryan Ellis.
9:02 of 2nd period - Stopped by Michal Neuvirth with a rebound.
9:23 of 2nd period - Minor Penalty to Alex Picard for Roughing.
9:24 of 2nd period - Tyler Johnson wins face-off versus Chris Drury in Red Wings zone.
9:24 of 2nd period - Tyler Johnson is hit by Fedor Tyutin.
9:34 of 2nd period - Snap shot by Nikita Kucherov.
9:34 of 2nd period - Deflect By Chris Drury.
9:34 of 2nd period - Shot Misses the Net.
9:34 of 2nd period - Puck is out of play.
9:35 of 2nd period - Tyler Johnson wins face-off versus R.J. Umberger in Red Wings zone.
10:21 of 2nd period - Slapshot by Steve Downie.
10:21 of 2nd period - Stopped by Martin Brodeur with a rebound.
11:23 of 2nd period - Penalty to Alex Picard is over, Alex Picard is back on ice.
11:42 of 2nd period - Snap shot by Michael Ryder.
11:42 of 2nd period - Shot Misses the Net.
11:54 of 2nd period - Pascal Dupuis is hit by Mike Richards and loses puck.
12:13 of 2nd period - Tomas Plekanec is hit by Matt Moulson and loses puck.
12:26 of 2nd period - Ryan Ellis is hit by Mike Brown and loses puck.
12:51 of 2nd period - T.J. Fast is hit by Tyler Johnson and loses puck.
13:11 of 2nd period - Rick Nash is hit by Dustin Byfuglien and loses puck.
13:24 of 2nd period - Nikita Kucherov is hit by Tomas Plekanec and loses puck.
13:41 of 2nd period - Fedor Tyutin is hit by Chris Campoli and loses puck.
14:43 of 2nd period - Slapshot by Fedor Tyutin.
14:43 of 2nd period - Stopped by Michal Neuvirth without a rebound.
14:44 of 2nd period - Chris Drury wins face-off versus Mike Richards in Red Wings zone.
14:47 of 2nd period - Wrist shot by Chris Drury.
14:47 of 2nd period - Stopped by Michal Neuvirth without a rebound.
14:48 of 2nd period - Mike Richards wins face-off versus Chris Drury in Red Wings zone.
15:19 of 2nd period - Slapshot by Sean Bergenheim.
15:19 of 2nd period - Shot Blocked by Paul Gaustad.
15:21 of 2nd period - Snap shot by Steve Downie.
15:21 of 2nd period - Stopped by Martin Brodeur with a rebound.
15:23 of 2nd period - Slapshot by Tim Ramholt.
15:23 of 2nd period - Shot Misses the Net.
15:35 of 2nd period - Snap shot by Rich Peverley.
15:35 of 2nd period - Stopped by Michal Neuvirth with a rebound.
16:32 of 2nd period - Slapshot by Alex Picard.
16:32 of 2nd period - Shot Blocked by Jean-Pierre Dumont.
16:34 of 2nd period - Snap shot by Alex Picard.
16:34 of 2nd period - Shot Misses the Net.
16:48 of 2nd period - Tim Ramholt is hit by T.J. Fast and loses puck.
17:35 of 2nd period - Minor Penalty to Nikita Kucherov for Hooking.
17:36 of 2nd period - Pascal Dupuis wins face-off versus Mike Richards in Nordiques zone.
18:01 of 2nd period - Pascal Dupuis is hit by Adam Henrique.
19:35 of 2nd period - Penalty to Nikita Kucherov is over, Nikita Kucherov is back on ice.
Goals for this period are 0 for Nordiques vs 1 for Red Wings.
Shots for this period are 6 for Nordiques vs 12 for Red Wings.
3rd period
0:01 of 3rd period - Chris Drury wins face-off versus Mike Richards in neutral zone.
0:12 of 3rd period - Wrist shot by Jean-Pierre Dumont.
0:12 of 3rd period - Stopped by Michal Neuvirth without a rebound.
0:13 of 3rd period - Chris Drury wins face-off versus Mike Richards in Red Wings zone.
0:14 of 3rd period - Snap shot by Jean-Pierre Dumont.
0:14 of 3rd period - Shot Misses the Net.
0:45 of 3rd period - Slapshot by Matt Moulson.
0:45 of 3rd period - Stopped by Michal Neuvirth with a rebound.
0:47 of 3rd period - Slapshot by Dustin Byfuglien.
0:47 of 3rd period - Shot Blocked by Tyler Johnson.
0:49 of 3rd period - Slapshot by Dustin Byfuglien.
0:49 of 3rd period - Deflect By Paul Gaustad.
0:49 of 3rd period - Shot Blocked by Tyler Johnson.
0:49 of 3rd period - Puck is out of play.
0:50 of 3rd period - Jean-Pierre Dumont wins face-off versus Mike Richards in Red Wings zone.
2:37 of 3rd period - Off-side.
2:38 of 3rd period - Kyle Calder wins face-off versus Tyler Johnson in neutral zone.
2:44 of 3rd period - Minor Penalty to Tim Ramholt for Charging.
2:45 of 3rd period - Chris Drury wins face-off versus Tomas Plekanec in Red Wings zone.
2:56 of 3rd period - Icing by Ryan Ellis.
2:57 of 3rd period - Chris Drury wins face-off versus Tyler Johnson in Nordiques zone.
2:57 of 3rd period - Chris Drury is hit by Steve Downie.
3:05 of 3rd period - Snap shot by R.J. Umberger.
3:05 of 3rd period - Deflect By Chris Drury.
3:05 of 3rd period - Stopped by Michal Neuvirth with a rebound.
3:15 of 3rd period - Wrist shot by Nikita Kucherov.
3:15 of 3rd period - Deflect By Chris Drury.
3:15 of 3rd period - Stopped by Michal Neuvirth with a rebound.
3:17 of 3rd period - Snap shot by Chris Drury.
3:17 of 3rd period - Shot Misses the Net.
3:33 of 3rd period - Backhand shot by Ryan Ellis.
3:33 of 3rd period - Stopped by Michal Neuvirth without a rebound.
3:34 of 3rd period - Vaclav Prospal wins face-off versus Tomas Plekanec in Red Wings zone.
3:39 of 3rd period - Wrist shot by Kyle Calder.
3:39 of 3rd period - Shot Blocked by Ole-Kristian Tollefsen.
4:44 of 3rd period - Penalty to Tim Ramholt is over, Tim Ramholt is back on ice.
4:52 of 3rd period - Tomas Plekanec is hit by Matt Moulson.
5:10 of 3rd period - Slapshot by Ole-Kristian Tollefsen.
5:10 of 3rd period - Shot Blocked by Mark Eaton.
5:16 of 3rd period - Nate Thompson is hit by Mark Eaton and loses puck.
5:45 of 3rd period - Snap shot by Sean Bergenheim.
5:45 of 3rd period - Deflect By Mike Richards.
5:45 of 3rd period - Goal by Mike Richards - Nordiques : 2 - Red Wings : 4.
5:46 of 3rd period - Steve Downie wins face-off versus Chris Drury in neutral zone.
5:59 of 3rd period - Steve Downie is hit by Fedor Tyutin.
6:16 of 3rd period - Snap shot by Kyle Calder.
6:16 of 3rd period - Stopped by Michal Neuvirth without a rebound.
6:17 of 3rd period - Vaclav Prospal wins face-off versus Mike Richards in Red Wings zone.
6:20 of 3rd period - Slapshot by Ryan Ellis.
6:20 of 3rd period - Shot Blocked by Ole-Kristian Tollefsen.
6:34 of 3rd period - Ole-Kristian Tollefsen is hit by Dmitry Kulikov.
6:52 of 3rd period - Slapshot by Adam Henrique.
6:52 of 3rd period - Goal by Adam Henrique - Nordiques : 2 - Red Wings : 5.
6:53 of 3rd period - Jean-Pierre Dumont wins face-off versus Mike Richards in neutral zone.
6:58 of 3rd period - Slapshot by Dustin Byfuglien.
6:58 of 3rd period - Stopped by Michal Neuvirth without a rebound.
6:59 of 3rd period - Chris Drury wins face-off versus Mike Richards in Red Wings zone.
7:02 of 3rd period - Wrist shot by Chris Drury.
7:02 of 3rd period - Stopped by Michal Neuvirth without a rebound.
7:03 of 3rd period - Chris Drury wins face-off versus Mike Richards in Red Wings zone.
7:26 of 3rd period - Stephane Robidas is hit by Fedor Tyutin and loses puck.
7:49 of 3rd period - Snap shot by Phil Kessel.
7:49 of 3rd period - Stopped by Martin Brodeur without a rebound.
7:50 of 3rd period - Vaclav Prospal wins face-off versus Tyler Johnson in Nordiques zone.
7:50 of 3rd period - Vaclav Prospal is hit by Shea Weber.
8:09 of 3rd period - Minor Penalty to Shea Weber for Cross-checking.
8:10 of 3rd period - Chris Drury wins face-off versus Tomas Plekanec in Red Wings zone.
9:54 of 3rd period - Fedor Tyutin is hit by Steve Downie and loses puck.
10:09 of 3rd period - Penalty to Shea Weber is over, Shea Weber is back on ice.
10:17 of 3rd period - Ryan Ellis is hit by Nate Thompson and loses puck.
11:01 of 3rd period - Rich Peverley is hit by Steve Downie and loses puck.
11:28 of 3rd period - Alex Picard is hit by Kyle Calder and loses puck.
11:40 of 3rd period - Off-side.
11:41 of 3rd period - Paul Gaustad wins face-off versus Adam Henrique in neutral zone.
12:11 of 3rd period - Wrist shot by Chris Drury.
12:11 of 3rd period - Shot Misses the Net.
12:25 of 3rd period - Backhand shot by Rick Nash.
12:25 of 3rd period - Stopped by Martin Brodeur without a rebound.
12:26 of 3rd period - Chris Drury wins face-off versus Mike Richards in Nordiques zone.
12:41 of 3rd period - Fedor Tyutin is hit by Phil Kessel and loses puck.
13:04 of 3rd period - Snap shot by Phil Kessel.
13:04 of 3rd period - Stopped by Martin Brodeur with a rebound.
13:29 of 3rd period - Fedor Tyutin is hit by Mike Richards and loses puck.
13:54 of 3rd period - Wrist shot by Mike Richards.
13:54 of 3rd period - Shot Blocked by T.J. Fast.
14:18 of 3rd period - Snap shot by Phil Kessel.
14:18 of 3rd period - Shot Blocked by Mark Eaton.
14:20 of 3rd period - Snap shot by Mike Richards.
14:20 of 3rd period - Shot Blocked by T.J. Fast.
14:22 of 3rd period - Slapshot by Shea Weber.
14:22 of 3rd period - Stopped by Martin Brodeur with a rebound.
14:24 of 3rd period - Wrist shot by Phil Kessel.
14:24 of 3rd period - Stopped by Martin Brodeur without a rebound.
14:25 of 3rd period - Chris Drury wins face-off versus Steve Downie in Nordiques zone.
14:50 of 3rd period - Ales Hemsky is hit by Dmitry Kulikov and loses puck.
15:36 of 3rd period - Tyler Johnson is hit by Dustin Byfuglien and loses puck.
16:23 of 3rd period - R.J. Umberger is hit by Alex Picard and loses puck.
16:52 of 3rd period - Snap shot by Rich Peverley.
16:52 of 3rd period - Shot Blocked by Ole-Kristian Tollefsen.
17:04 of 3rd period - Shea Weber is hit by Nikolai Kulemin and loses puck.
17:29 of 3rd period - Snap shot by Rich Peverley.
17:29 of 3rd period - Stopped by Michal Neuvirth with a rebound.
17:53 of 3rd period - Wrist shot by Vaclav Prospal.
17:53 of 3rd period - Stopped by Michal Neuvirth without a rebound.
17:54 of 3rd period - Tyler Johnson wins face-off versus Nikita Kucherov in Red Wings zone.
17:54 of 3rd period - Tyler Johnson is hit by Vaclav Prospal.
18:14 of 3rd period - Snap shot by Jean-Pierre Dumont.
18:14 of 3rd period - Shot Blocked by Phil Kessel.
18:20 of 3rd period - Jean-Pierre Dumont is hit by Ole-Kristian Tollefsen.
18:31 of 3rd period - Off-side.
18:32 of 3rd period - Nate Thompson wins face-off versus Matt Moulson in neutral zone.
18:35 of 3rd period - Michael Ryder is hit by Alex Picard and loses puck.
19:07 of 3rd period - Slapshot by Chris Drury.
19:07 of 3rd period - Shot Misses the Net.
19:09 of 3rd period - Wrist shot by T.J. Fast.
19:09 of 3rd period - Stopped by Michal Neuvirth without a rebound.
19:10 of 3rd period - Tyler Johnson wins face-off versus Chris Drury in Red Wings zone.
19:19 of 3rd period - Snap shot by Tyler Johnson.
19:19 of 3rd period - Stopped by Martin Brodeur without a rebound.
19:20 of 3rd period - Jean-Pierre Dumont wins face-off versus Tyler Johnson in Nordiques zone.
19:37 of 3rd period - Slapshot by R.J. Umberger.
19:37 of 3rd period - Shot Misses the Net.
19:39 of 3rd period - Minor Penalty to Sean Bergenheim for Interference.
19:40 of 3rd period - Tomas Plekanec wins face-off versus Chris Drury in Red Wings zone.
19:55 of 3rd period - Snap shot by Rick Nash.
19:55 of 3rd period - Shot Blocked by Fedor Tyutin.
Goals for this period are 0 for Nordiques vs 2 for Red Wings.
Shots for this period are 11 for Nordiques vs 8 for Red Wings.
Back to the Top